AoeStats
← Herby

Arena

509821225Analyzed
4v4 RM · 3d ago on Sep 28, 2026· 37m 23s· 8 players
Game mode
Random Map
Map size
Large (8 player)
Population
200
Speed
Normal
Resources
Standard
Victory
Conquest
Starting age
Dark Age
Ending age
Imperial Age
RankedLock teamsTeams togetherTeam positionsShared explorationLock speedFull tech treeHidden civsTurbo modeCheats
Victory
Defeat
🇲🇽 Romans · Mexico
1354
+11
🇲🇽 Mapuche · Mexico
1346
+11
🇲🇽 Muisca · Mexico
1336
+12
🇺🇸 Celts · United States
1299
+14
1259
-13
🇮🇳 Khmer · India
1252
-12
🇳🇵 Cumans · Nepal
1237
-12
1212
-11
有点b数吧,好好玩
10:48 Feudal Age
14:31 Castle Age
12:31 Double-Bit Axe
12:42 Horse Collar
16:58 Wheelbarrow
19:14 Fletching
GemGem27
9:17 Feudal Age
11:40 Double-Bit Axe
12:12 Horse Collar
18:19 Wheelbarrow
21:07 Castle Age
19:58 Gold Mining
20:03 Stone Mining
20:37 Loom
20:45 Town Watch
21:12 Scale Barding Armor
21:44 Bloodlines
21:46 Forging
22:33 Chain Barding Armor
23:43 Light Cavalry
25:37 Bow Saw
26:58 Gold Shaft Mining
27:50 Iron Casting
29:52 Hand Cart
33:46 Steppe Husbandry
ayushdy2004
11:13 Feudal Age
14:16 Castle Age
12:18 Double-Bit Axe
16:49 Bow Saw
26:28 Pikeman
BøM_從小不缺鮑魚
9:59 Feudal Age
10:44 Double-Bit Axe
14:46 Castle Age
12:44 Gold Mining
12:53 Horse Collar
15:51 Bow Saw
19:19 Stone Mining
19:31 Loom
23:14 Stone Shaft Mining
29:41 Imperial Age
27:49 Wheelbarrow
27:23 Fletching
28:42 Bodkin Arrow
29:48 Hand Cart
31:50 Chemistry
32:14 Bracer
34:08 Thumb Ring
35:47 Padded Archer Armor
36:32 Ballistics
dog w sunglasses
4:55 Loom
10:52 Feudal Age
15:19 Castle Age
13:15 Horse Collar
13:36 Double-Bit Axe
14:43 Stone Mining
16:17 Bow Saw
25:39 Pikeman
28:07 Wheelbarrow
28:37 Scale Mail Armor
29:42 Hand Cart
29:22 Gold Mining
31:42 Chain Mail Armor
31:37 Forging
34:33 Imperial Age
34:58 Bow Saw
34:51 Onager
36:27 Siege Engineers
[Pb] Komodo 3000
10:18 Feudal Age
14:01 Castle Age
13:07 Double-Bit Axe
13:16 Gold Mining
21:23 Forging
25:20 Devotion
31:34 Horse Collar
32:32 Bow Saw
34:22 Wheelbarrow
34:12 Loom
34:30 Heavy Plow
Herby
7:19 Loom
10:08 Feudal Age
13:46 Castle Age
12:21 Double-Bit Axe
12:38 Gold Mining
14:57 Bow Saw
23:23 Ballistics
27:26 Wheelbarrow
33:31 Hand Cart
36:31 Horse Collar
Ratchet2krox
12:11 Feudal Age
12:53 Double-Bit Axe
12:51 Horse Collar
15:40 Castle Age
13:34 Gold Mining
14:32 Stone Mining
16:49 Bow Saw
17:32 Wheelbarrow
19:45 Loom
20:02 Scale Mail Armor
20:44 Forging
21:28 Squires
24:27 Iron Casting
24:07 Chain Mail Armor
27:17 Gold Shaft Mining
30:06 Hand Cart
34:08 Imperial Age
34:56 Huaracas
35:12 Conscription
34:22 Elite Temple Guard
36:26 Plate Mail Armor
36:03 Herbalism
Connection lost

Rejoining the realm…

Still unreachable

The connection could not be restored.

Session expired

The server has moved on; the page needs a fresh start.